 Dungeon Crawl Stone Soup version 0.18-a0-721-g8fc53f4 (webtiles) character file.

10261 Raultor the Artisan of Death (level 11, -5/81 HPs)
             Began as a Vampire Necromancer on Dec 8, 2015.
             Was a Priest of Kikubaaqudgha.
             Slain by a large slime creature (15 damage)
             ... on level 12 of the Dungeon.
             The game lasted 01:09:23 (15033 turns).

Raultor the Artisan of Death (Vampire Necromancer) Turns: 15033, Time: 01:09:23

Health: -5/81      AC: 11    Str:  7    XL:     11   Next: 33%
Magic:  5/21       EV: 17    Int: 21    God:    Kikubaaqudgha [***...]
Gold:   464        SH:  0    Dex: 15    Spells: 6 memorised, 7 levels left

rFire  x . .     SeeInvis +     f - +1 dagger (elec)
rCold  + + .     Clarity  .     X - +0 troll leather armour {regen}
rNeg   + + .     SustAt   .     (no shield)
rPois  +         Gourm    .     g - +0 helmet
rElec  .         Spirit   .     v - +1 cloak
rCorr  .         Dismiss  +     L - +0 pair of gloves
rMut   .         Stasis   .     (no boots)
MR     +....                    G - amulet of dismissal
Stlth  ++........               M - +3 ring of protection
                                O - ring of ice {rC+, rF-}

@: very slightly contaminated, regenerating slowly, repel missiles, invisible,
somewhat resistant to hostile enchantments, unstealthy
A: fangs 3, see invisible, unbreathing
a: Bat Form, Receive Corpses, Renounce Religion


You were on level 12 of the Dungeon.
You worshipped Kikubaaqudgha.
Kikubaaqudgha was most pleased with you.
You were very thirsty.

You visited 1 branch of the dungeon, and saw 12 of its levels.
You also visited: Ossuary.

You collected 464 gold pieces.

Inventory:

Hand Weapons
 f - a +1 dagger of electrocution (weapon)
   (You took it off a goblin on level 1 of the Dungeon)
 y - a +1 quick blade
   (You found it on level 9 of the Dungeon)
Missiles
 p - 7 throwing nets {=f, !d}
Armour
 g - a +0 helmet (worn)
   (You found it on level 2 of the Dungeon)
 s - a +2 buckler
   (You found it on level 2 of the Dungeon)
 v - a +1 cloak (worn)
   (You found it on level 3 of the Dungeon)
 H - a +0 robe of fire resistance
   (You took it off Josephine on level 11 of the Dungeon)
 L - a +0 pair of gloves (worn)
   (You found it on level 6 of the Dungeon)
 X - a +0 troll leather armour (worn) {regen}
   (You found it on level 10 of the Dungeon)
Magical Staves
 b - an uncursed staff of wizardry {wiz+, !a}
   (You found it on level 12 of the Dungeon)
Jewellery
 n - an uncursed ring of protection from magic {MR+, !d}
   (You found it on level 2 of the Dungeon)
 G - an amulet of dismissal (around neck)
   (You found it on level 6 of the Dungeon)
 K - an uncursed ring of positive energy {rN+}
   (You found it on level 11 of the Dungeon)
 M - a +3 ring of protection (right hand)
   (You found it on level 7 of the Dungeon)
 O - a ring of ice (left hand) {rC+, rF-}
   (You found it on level 7 of the Dungeon)
 U - an uncursed ring of stealth {Stlth+}
   (You found it on level 9 of the Dungeon)
 Y - an uncursed amulet of stasis {Stasis, !d}
   (You took it off a crimson imp on level 9 of the Dungeon)
Wands
 o - a wand of polymorph (11)
   (You found it on level 2 of the Dungeon)
 x - a wand of invisibility (7)
   (You found it on level 4 of the Dungeon)
 Q - a wand of disintegration (15)
   (You found it on level 8 of the Dungeon)
 S - a wand of lightning (8)
   (You found it on level 8 of the Dungeon)
 V - a wand of fireball (6)
   (You took it off a kobold on level 9 of the Dungeon)
Scrolls
 d - 7 scrolls of identify
 e - 6 scrolls of teleportation
 i - a scroll of enchant armour
 j - 2 scrolls of fear
 k - 3 scrolls of remove curse
 l - 3 scrolls of immolation {!r}
 m - 2 scrolls of amnesia
 q - 2 scrolls of enchant weapon
 t - 2 scrolls of blinking {!r}
 u - 4 scrolls of magic mapping {!r}
 J - a scroll of vulnerability {unknown}
 P - a scroll of fog {unknown}
 R - a scroll of random uselessness {unknown}
 T - a scroll of recharging
Potions
 c - 17 potions of blood {@q1}
 w - 3 potions of brilliance {unknown}
 z - 2 potions of heal wounds {unknown}
 A - a potion of cancellation {unknown}
 B - a potion of ambrosia {!q}
 C - 4 potions of curing {unknown}
 D - 3 potions of haste {unknown}
 E - 2 potions of mutation {unknown}
 I - 3 potions of invisibility {unknown}
 N - a potion of flight
Books
 a - Kikubaaqudgha's Guide on Sinister Rituals
   (Kikubaaqudgha gifted it to you on level 10 of the Dungeon)

   Spells                             Type                      Level
   a - Excruciating Wounds            Charms/Necromancy            5
   b - Cigotuvi's Embrace             Necromancy                   5
   c - Dispel Undead                  Necromancy                   5
   d - Simulacrum                     Ice/Necromancy               6
   e - Death Channel                  Necromancy                   6
 h - a book of Frost
   (You found it on level 2 of the Dungeon)
 r - a book of Necromancy
 F - Kikubaaqudgha's Guide on Unholy Rites
   (Kikubaaqudgha gifted it to you on level 5 of the Dungeon)

   Spells                             Type                      Level
   a - Pain                           Necromancy                   1
   b - Corpse Rot                     Necromancy                   2
   c - Sublimation of Blood           Necromancy                   2
   d - Vampiric Draining              Necromancy                   3
   e - Control Undead                 Necromancy                   4
 Z - a book of Minor Magic
   (You found it on level 9 of the Dungeon)


   Skills:
 + Level 5.6 Fighting
 + Level 6.1 Short Blades
 + Level 9.3 Dodging
 - Level 3.0 Stealth
 - Level 7.0 Spellcasting
 * Level 11.4 Necromancy
 + Level 5.6 Ice Magic


You had 7 spell levels left.
You knew the following spells:

 Your Spells              Type           Power        Failure   Level  Hunger
a - Pain                  Necr           ####         1%          1    None
b - Ozocubu's Armour      Chrm/Ice       ####....     14%         3    #......
c - Control Undead        Necr           ######....   1%          4    ###....
d - Repel Missiles        Chrm/Air       #.....       21%         2    None
x - Vampiric Draining     Necr           ######....   1%          3    #......
A - Animate Dead          Necr           N/A          1%          4    ###....


Dungeon Overview and Level Annotations

Branches:
Dungeon (12/15)            Temple (0/1) D:5            Lair (0/8) D:9
    Orc (0/4) D:9

Altars:
Cheibriados
Fedhas
Gozag
Kikubaaqudgha
Nemelex Xobeh
Pakellas
Sif Muna
Trog
Xom
The Shining One

Shops:
D:12 :

Annotations:
D:4 Raultor's ghost, amateur MfGl
D:9 1 runed door


Innate Abilities, Weirdness & Mutations

You heal slowly.
You have razor-sharp teeth.
You have supernaturally acute eyesight.
You can survive without breathing.


Message History

The shadow imp closely misses you.
You hit the shadow imp. The shadow imp closely misses you.
You completely miss the shadow imp. You barely miss the shadow imp.
The shadow imp barely misses you.
You hit the shadow imp.
There is a sudden explosion of sparks!
The shadow imp misses you.
You hit the shadow imp.
You kill the shadow imp!
Kikubaaqudgha accepts your kill.
No target in view! 2 slime creatures come into view.
The slime creature moves out of view.
You regained 2 hp, and now have 74/80 hp.
Unknown command.
A slime creature comes into view.
The slime creature quivers.
A water elemental comes into view.
A two-headed ogre comes into view. It is wielding two giant clubs.
The slime creature quivers.
You barely miss the slime creature. The slime creature barely misses you.
The two-headed ogre shouts in stereo!
You hit the slime creature.
There is a sudden explosion of sparks!
The slime creature quivers.
You hit the slime creature.
There is a sudden explosion of sparks!
The slime creature hits you! 2 slime creatures come into view.
You take 11 damage, and have 66/80 hp.
The slime creature moves out of view.
A slime creature comes into view.
A slime creature suddenly becomes a large slime creature.
You hit the slime creature.
The slime creature hits you but does no damage.
You hit the slime creature.
There is a sudden explosion of sparks!
The slime creature quivers.
You hit the slime creature.
There is a sudden explosion of sparks!
You kill the slime creature!
Kikubaaqudgha accepts your kill.
You hit the two-headed ogre but do no damage.
The two-headed ogre hits you with a giant club!!
The two-headed ogre closely misses you.
You take 18 damage, and have 52/80 hp.
MASSIVE DAMAGE!!
Aim: a two-headed ogre, wielding two giant clubs You feel life coursing into your body.
The two-headed ogre misses you.
The two-headed ogre hits you with a giant club!
You take 5 damage, and have 47/80 hp.
You now have 18/21 mp.
The floor.
Aim: a two-headed ogre, wielding two giant clubs (moderately wounded)
You feel life coursing into your body. The two-headed ogre misses you.
The two-headed ogre closely misses you.
You regained 5 hp, and now have 52/80 hp.
You now have 15/21 mp.
Aim: a two-headed ogre, wielding two giant clubs (heavily wounded)
You kill the two-headed ogre!
Kikubaaqudgha accepts your kill.
You feel life coursing into your body.
The slime creature quivers.
The large slime creature hits you!!
You take 15 damage, and have 37/81 hp.
You now have 12/21 mp.
The slime creature quivers.
You hit the large slime creature.
Two slime creatures merge to form a very large slime creature.
Unknown command.
You fade into invisibility!
You are very lightly contaminated with residual magic.
Evoking this partially-identified wand wasted a few charges.
Two slime creatures merge to form a large slime creature.
You hit the very large slime creature.
There is a sudden explosion of sparks!
You hit the very large slime creature.
A very large slime creature splits.
You catch the helpless large slime creature completely off-guard!
You impale the large slime creature!! You hit the large slime creature.
The large slime creature hits you!!
* * * LOW HITPOINT WARNING * * *
You take 28 damage, and have 10/81 hp.
MASSIVE DAMAGE!!
Aim: a large slime creature (moderately wounded)
You feel life coursing into your body.
The slime creature quivers.
The large slime creature hits you but does no damage.
Two slime creatures merge to form a very large slime creature.
You regained 6 hp, and now have 16/81 hp.
You now have 10/21 mp.
Aim: a large slime creature (moderately wounded)
You feel life coursing into your body.
The very large slime creature quivers.
The large slime creature closely misses you.
You regained 6 hp, and now have 22/81 hp.
You now have 7/21 mp.
Aim: a large slime creature (heavily wounded)
You feel life coursing into your body. The large slime creature hits you!!
* * * LOW HITPOINT WARNING * * *
A very large slime creature splits.
You take 13 damage, and have 9/81 hp.
You now have 4/21 mp.
You catch the helpless large slime creature completely off-guard!
You impale the large slime creature!!
The slime creature quivers.
The large slime creature hits you!
You die...
Kikubaaqudgha rasps: "You have failed me!
Welcome... oblivion!"

#....####.. ≈≈ ♣.
#....##.... ♣♣P♣#>
#.......... ♣≈≈...
#..........
.......
###.##..###
####### #J##..#
#J#...## ##
#J#.#..# ##.
#@#.#..# ##..
#.#.#..# ###...
#......## ###.....
###.....###...#...
##...............
#..#.##....###...
##.##.#....## #...
#..##...##.# ##..
#.###...##.# ##.


You could see 2 large slime creatures and a slime creature (wandering).

Vanquished Creatures
  Josephine (D:11)
  2 hill giants (D:10)
  A komodo dragon (D:12)
  A kobold demonologist (D:12)
  A troll (D:10)
  2 two-headed ogres
  A slime creature (D:12)
  2 wraiths (D:11)
  2 wyverns (D:10)
  4 yaks
  2 deep elf magi
  A hippogriff (D:12)
  A hungry ghost (D:8)
  A water moccasin (D:8)
  2 necrophages (D:6)
  A black bear (D:10)
  4 ice beasts
  4 sky beasts
  2 orc warriors (D:10)
  An eye of draining (D:12)
  6 ogres
  4 centaurs
  2 phantoms
  A gnoll sergeant (D:9)
  5 giant frogs
  4 big kobolds
  A water moccasin zombie (D:6)
  2 scorpions
  3 wights (D:12)
  9 crimson imps
  2 jellies
  5 orc priests
  6 centaur zombies
  7 orc wizards
  2 centaur skeletons
  4 hounds
  Natasha (D:3)
  Jessica (D:3)
  3 giant frog skeletons
  4 iguanas
  4 worker ants
  4 big kobold zombies (Ossuary)
  3 hound skeletons
  6 mummies
  Robin (D:3)
  10 gnolls
  13 adders
  A river rat (D:9)
  3 shadow imps
  An adder skeleton (D:7)
  3 worms (D:2)
  10 giant geckos
  30 orcs
  13 bats
  4 giant cockroaches
  13 goblins
  8 hobgoblins
  10 jackals
  5 quokkas
  4 ball pythons
  4 giant newts
  A hobgoblin zombie (Ossuary)
  19 kobolds
  11 rats
  A rat zombie (D:3)
290 creatures vanquished.

Vanquished Creatures (collateral kills)
  A wraith (D:11)
  A giant frog (D:7)
2 creatures vanquished.

Vanquished Creatures (others)
  A quokka (D:5)
  16 fungi (D:9)
  19 plants
36 creatures vanquished.

Grand Total: 328 creatures vanquished

Notes
Turn   | Place    | Note
--------------------------------------------------------------
     0 | D:1      | Raultor the Vampire Necromancer began the quest for the Orb.
     0 | D:1      | Reached XP level 1. HP: 13/13 MP: 3/3
    35 | D:1      | HP: 2/13 [goblin (2)]
   569 | D:1      | Reached XP level 2. HP: 19/19 MP: 5/5
   840 | D:1      | HP: 4/19 [jackal (2)]
  1571 | D:2      | HP: 4/19 [kobold (2)]
  1576 | D:1      | HP: 1/19 [kobold (1)]
  1901 | D:2      | HP: 5/20 [worm (4)]
  2169 | D:2      | Reached XP level 3. HP: 23/25 MP: 3/6
  2177 | D:2      | Reached skill level 3 in Dodging
  2194 | D:2      | Reached skill level 1 in Short Blades
  2200 | D:2      | HP: 6/25 [poisoned by an adder]
  2533 | D:2      | HP: 6/25 [poisoned by an adder]
  2750 | D:2      | Reached XP level 4. HP: 23/31 MP: 7/7
  2856 | D:2      | Learned a level 4 spell: Animate Dead
  2885 | D:2      | Reached skill level 1 in Fighting
  3189 | D:2      | Reached skill level 5 in Necromancy
  3328 | D:2      | HP: 7/32 [kobold/whip (4)]
  4305 | D:2      | Reached skill level 2 in Short Blades
  4366 | D:2      | Reached XP level 5. HP: 28/37 MP: 8/8
  4371 | D:2      | Learned a level 3 spell: Vampiric Draining
  4758 | D:3      | Found an oddly glowing altar of Pakellas.
  4775 | D:3      | Noticed Robin
  4827 | D:3      | Noticed Jessica
  4895 | D:3      | Killed Jessica
  5033 | D:3      | Killed Robin
  5033 | D:3      | Reached skill level 2 in Fighting
  5185 | D:3      | Noticed Natasha
  5191 | D:3      | Killed Natasha
  5440 | D:3      | Reached XP level 6. HP: 39/44 MP: 0/9
  5762 | D:3      | Found an ancient bone altar of Kikubaaqudgha.
  5770 | D:3      | Became a worshipper of Kikubaaqudgha
  5836 | D:4      | Reached skill level 4 in Dodging
  5874 | D:4      | Reached skill level 6 in Necromancy
  6013 | D:4      | Noticed Raultor's ghost (amateur MfGl)
  6061 | D:4      | Reached skill level 3 in Spellcasting
  6437 | D:4      | Reached XP level 7. HP: 47/50 MP: 4/11
  6489 | D:4      | Reached skill level 7 in Necromancy
  6701 | D:5      | Entered Level 5 of the Dungeon
  6777 | D:5      | Found a sparkling altar of Nemelex Xobeh.
  6786 | D:5      | Found a staircase to the Ecumenical Temple.
  7018 | D:5      | Found a sand-covered staircase.
  7033 | Ossuary  | Entered an ossuary
  7046 | Ossuary  | Reached skill level 5 in Dodging
  7348 | Ossuary  | Reached skill level 4 in Spellcasting
  7348 | Ossuary  | Reached skill level 8 in Necromancy
  7348 | Ossuary  | Reached XP level 8. HP: 30/56 MP: 12/14
  7458 | D:5      | Reached * piety under Kikubaaqudgha
  7458 | D:5      | Received a gift from Kikubaaqudgha
  7461 | D:5      | Identified Kikubaaqudgha's Guide on Unholy Rites (Kikubaaqudgha gifted it to you on level 5 of the Dungeon)
  7466 | D:5      | Learned a level 3 spell: Ozocubu's Armour
  8506 | D:6      | Reached skill level 6 in Dodging
  8538 | D:6      | Reached skill level 9 in Necromancy
  8835 | D:6      | Found a shimmering altar of Xom.
  9006 | D:6      | Reached skill level 5 in Spellcasting
  9234 | D:6      | Found a snail-covered altar of Cheibriados.
  9417 | D:7      | Reached XP level 9. HP: 43/61 MP: 3/16
  9457 | D:7      | Found a bloodstained altar of Trog.
  9676 | D:7      | Found a blossoming altar of Fedhas.
  9763 | D:7      | Reached skill level 10 in Necromancy
 10264 | D:8      | Found a shimmering altar of Xom.
 10321 | D:8      | Reached skill level 7 in Dodging
 10399 | D:8      | Reached skill level 1 in Ice Magic
 10780 | D:8      | Reached ** piety under Kikubaaqudgha
 10797 | D:8      | Reached skill level 3 in Short Blades
 10797 | D:8      | Reached skill level 2 in Ice Magic
 11071 | D:8      | Reached skill level 3 in Fighting
 11071 | D:8      | Reached skill level 6 in Spellcasting
 11166 | D:8      | Found a deep blue altar of Sif Muna.
 11401 | D:8      | Learned a level 4 spell: Control Undead
 11712 | D:9      | Reached skill level 3 in Ice Magic
 11929 | D:9      | Found a glowing golden altar of the Shining One.
 11964 | D:9      | Found an opulent altar of Gozag.
 11980 | D:9      | Reached XP level 10. HP: 44/70 MP: 19/19
 11987 | D:9      | Reached skill level 4 in Short Blades
 12173 | D:9      | Learned a level 2 spell: Repel Missiles
 12339 | D:9      | Reached skill level 8 in Dodging
 12396 | D:9      | Found a staircase to the Lair.
 12490 | D:9      | Noticed an angel
 12491 | D:9      | Found a glowing golden altar of the Shining One.
 12498 | D:9      | Found a runed door.
 12519 | D:9      | Found a staircase to the Orcish Mines.
 12551 | D:9      | Reached skill level 4 in Fighting
 12578 | D:9      | Found a blossoming altar of Fedhas.
 12654 | D:10     | Entered Level 10 of the Dungeon
 12669 | D:10     | Noticed a hill giant
 12691 | D:10     | Killed a hill giant
 12691 | D:10     | Reached skill level 4 in Ice Magic
 12896 | D:10     | Reached skill level 5 in Short Blades
 13131 | D:10     | Reached *** piety under Kikubaaqudgha
 13131 | D:10     | Received a gift from Kikubaaqudgha
 13141 | D:10     | Reached skill level 7 in Spellcasting
 13148 | D:10     | Identified Kikubaaqudgha's Guide on Sinister Rituals (Kikubaaqudgha gifted it to you on level 10 of the Dungeon)
 13388 | D:10     | Noticed a hill giant
 13405 | D:10     | Killed a hill giant
 13559 | D:11     | Noticed Josephine
 13571 | D:11     | Killed Josephine
 13571 | D:11     | Reached skill level 5 in Fighting
 13571 | D:11     | Reached skill level 5 in Ice Magic
 13585 | D:11     | HP: 17/74 [wraith[Josephine] (10)]
 13591 | D:11     | HP: 17/74 [poisoned by Josephine]
 13592 | D:11     | HP: 7/74 [wraith[Josephine] (10)]
 13594 | D:11     | Reached skill level 9 in Dodging
 13835 | D:11     | Reached XP level 11. HP: 77/79 MP: 21/21
 14010 | D:11     | Reached skill level 11 in Necromancy
 14298 | D:12     | Found Betuar's Book Shop.
 14644 | D:12     | Reached skill level 6 in Short Blades
 14933 | D:12     | Noticed a hill giant
 15029 | D:12     | HP: 10/81 [large slime creature (28)]
 15033 | D:12     | Slain by a large slime creature

Vault maps used:
D:1:      kilobyte_arrival_exit_the_forest, hex_tiny, minivault_4
D:2:      kennysheep_six_static_rooms
D:3:      grunt_pakellas_salt, lemuel_zombie_altar_kikubaaqudgha, first_bread,
          uniq_natasha, uniq_jessica, uniq_robin
D:5:      nemelex_xobeh_ov_fountains_minmay, minmay_temple_entry_overgrown,
          gup_ossuary_entry_pyramid
D:6:      lemuel_coloured_pillars_altar, basic_altar, roderic_lattice_a
D:7:      fedhas_altar_2, kennysheep_mini_moat
D:8:      kennysheep_mini, marbit_many_paths
D:9:      nicolae_overflow_crystal_walls, due_lair_maze_entry_diamond,
          basic_altar, hangedman_tree_tricks, lemuel_angel_altar
D:11:     uniq_josephine
D:12:     serial_shops, shop, kennysheep_crisscross, serial_bayou_lake_a
Ossuary:  ossuary_the_hunt_dpeg

Action                   |  1- 3 |  4- 6 |  7- 9 | 10-12 || total
-------------------------+-------+-------+-------+-------++-------
Melee: Unarmed           |     9 |       |       |       ||     9
       Dagger            |    84 |   127 |   400 |   426 ||  1037
 Cast: Pain              |    19 |    63 |    49 |    12 ||   143
       Animate Dead      |       |     3 |    12 |     3 ||    18
       Vampiric Draining |       |     9 |    41 |    53 ||   103
       Ozocubu's Armour  |       |       |     3 |     9 ||    12
       Control Undead    |       |       |       |     3 ||     3
       Repel Missiles    |       |       |       |     4 ||     4
Invok: Receive Corpses   |       |       |     1 |       ||     1
 Abil: End Transformatio |       |     1 |       |       ||     1
       Bat Form          |       |     1 |       |       ||     1
Evoke: Wand              |       |       |       |     1 ||     1
  Use: Potion            |       |     4 |     4 |     1 ||     9
       Scroll            |       |       |       |    18 ||    18
 Stab: Sleeping          |     2 |     4 |    14 |     1 ||    21
       Distracted        |       |       |       |     1 ||     1
       Invisible         |       |       |       |     2 ||     2
  Eat: Corpse            |     8 |     2 |     3 |     3 ||    16

Vault maps used:
D:1:      kilobyte_arrival_exit_the_forest, hex_tiny, minivault_4
D:2:      kennysheep_six_static_rooms
D:3:      grunt_pakellas_salt, lemuel_zombie_altar_kikubaaqudgha, first_bread,
          uniq_natasha, uniq_jessica, uniq_robin
D:5:      nemelex_xobeh_ov_fountains_minmay, minmay_temple_entry_overgrown,
          gup_ossuary_entry_pyramid
D:6:      lemuel_coloured_pillars_altar, basic_altar, roderic_lattice_a
D:7:      fedhas_altar_2, kennysheep_mini_moat
D:8:      kennysheep_mini, marbit_many_paths
D:9:      nicolae_overflow_crystal_walls, due_lair_maze_entry_diamond,
          basic_altar, hangedman_tree_tricks, lemuel_angel_altar
D:11:     uniq_josephine
D:12:     serial_shops, shop, kennysheep_crisscross, serial_bayou_lake_a
Ossuary:  ossuary_the_hunt_dpeg

Table legend:
 A = Turns spent in this place as a percentage of turns spent in the entire game.
 B = Non-inter-level travel turns spent in this place as a percentage of non-inter-level travel turns spent in the entire game.
 C = Inter-level travel turns spent in this place as a percentage of turns spent in this place.
 D = Turns resting spent in this place as a percentage of non-inter-level travel turns spent in this place.
 E = Turns spent auto-exploring this place as a percentage of non-inter-level travel turns spent in this place.
 F = Non-inter-level travel turns spent in this place divided by the number of levels of this place that you've seen.
                   A       B       C       D       E      F
               +-------+-------+-------+-------+-------+----------------------
         Total | 100.0 | 100.0 |   0.5 |   3.6 |   9.1 | 293.9
       Dungeon |  96.1 |  96.1 |   0.5 |   3.6 |   8.6 | 305.9
       Ossuary |   3.9 |   3.9 |   0.0 |   2.7 |  20.0 | 150.0
               +-------+-------+-------+-------+-------+----------------------

Table legend:
 A = Kills in this place as a percentage of kills in entire the game.
 B = Kills by you in this place as a percentage of kills by you in the entire game.
 C = Kills by friends in this place as a percentage of kills by friends in the entire game.
 D = Other kills in this place as a percentage of other kills in the entire game.
 E = Experience gained in this place as a percentage of experience gained in the entire game.
 F = Experience gained in this place divided by the number of levels of this place that you have seen.
                   A       B       C       D       E      F
               +-------+-------+-------+-------+-------+----------------------
         Total | 100.0 | 100.0 | 100.0 |  -nan | 100.0 | 1127.6
       Dungeon |  94.9 |  94.8 | 100.0 |  -nan |  97.0 | 1185.5
       Ossuary |   5.1 |   5.2 |   0.0 |  -nan |   3.0 | 433.0
               +-------+-------+-------+-------+-------+----------------------
